TOP OF THE 1ST |
Pueblo Prairie Dogs batting - Pitching for Atlantic City War Dogs : RHP Augusto Molina
|
Pitching: RHP Augusto Molina
|
|
Batting: SHB José Vélez
|
0-0: Called Strike 0-1: SINGLE (Groundball, 6MD)
|
Batting: SHB Chris Young
|
0-0: Ball 1-0: Foul Ball, location: 2F 1-1: Grounds into double play, 4-6-3 (Groundball, 4)
|
Batting: LHB Derrek Robinson
|
0-0: Ball 1-0: SINGLE (Line Drive, 9S)
|
Batting: RHB Katsuhito Ohayashi
|
0-0: Ball Derrek Robinson is caught stealing 2nd base
|
Top of the 1st over - 0 run(s), 2 hit(s), 0 error(s), 0 left on base; Pueblo 0 - Atlantic City 0 |
BOTTOM OF THE 1ST |
Atlantic City War Dogs batting - Pitching for Pueblo Prairie Dogs : LHP Jim Holloway
|
Pitching: LHP Jim Holloway
|
|
Batting: RHB Pancho Valdés
|
0-0: Ball 1-0: Fly out, F6 (Popup, 5D)
|
Batting: RHB Robert Koremans
|
0-0: Ground out 6-3 (Groundball, 6)
|
Batting: RHB José Guevara
|
0-0: Ball 1-0: Foul Ball, location: 2F 1-1: Called Strike 1-2: Hit by Pitch
|
Batting: RHB Jamie Swyers
|
0-0: Called Strike 0-1: Swinging Strike 0-2: Strikes out swinging
|
Bottom of the 1st over - 0 run(s), 0 hit(s), 0 error(s), 1 left on base; Pueblo 0 - Atlantic City 0 |
TOP OF THE 2ND |
Pueblo Prairie Dogs batting - Pitching for Atlantic City War Dogs : RHP Augusto Molina
|
Batting: RHB Katsuhito Ohayashi
|
0-0: Fly out, F7 (Flyball, 7D)
|
Batting: RHB Jason Fuller
|
0-0: Called Strike 0-1: SINGLE (Groundball, 56D)
|
Batting: LHB José Peralta
|
0-0: Foul Ball, location: 2F 0-1: Ball 1-1: Fly out, F8 (Flyball, 8LS)
|
Batting: RHB Jared Williamson
|
0-0: Foul Ball, location: 2F 0-1: Swinging Strike 0-2: Ball 1-2: Strikes out swinging
|
Top of the 2nd over - 0 run(s), 1 hit(s), 0 error(s), 1 left on base; Pueblo 0 - Atlantic City 0 |
BOTTOM OF THE 2ND |
Atlantic City War Dogs batting - Pitching for Pueblo Prairie Dogs : LHP Jim Holloway
|
Batting: LHB Patrick Ferguson
|
0-0: Ball 1-0: Ball 2-0: Called Strike 2-1: SOLO HOME RUN (Flyball, 89XD), Distance : 391 ft
|
Batting: RHB John Stevens
|
0-0: Ball 1-0: Swinging Strike 1-1: Ball 2-1: Foul Ball, location: 2F 2-2: Ground out 5-3 (Groundball, 5)
|
Batting: RHB Jerome Cuevas
|
0-0: Ball 1-0: Ball 2-0: Called Strike 2-1: Foul Ball, location: 2F 2-2: Fly out, F9 (Line Drive, 9D)
|
Batting: LHB Robert Mann
|
0-0: Hit by Pitch
|
Batting: RHB Pat Simms
|
0-0: Ball 1-0: Fielders Choice at 2nd, 6-4 (Groundball, 6D)
|
Bottom of the 2nd over - 1 run(s), 1 hit(s), 0 error(s), 0 left on base; Pueblo 0 - Atlantic City 1 |
TOP OF THE 3RD |
Pueblo Prairie Dogs batting - Pitching for Atlantic City War Dogs : RHP Augusto Molina
|
Batting: LHB Robby Lawson
|
0-0: Called Strike 0-1: Foul Ball, location: 2F 0-2: Ball 1-2: Ball 2-2: Strikes out swinging
|
Batting: RHB Shigekazu Kaneko
|
0-0: Called Strike 0-1: Foul Ball, location: 2F 0-2: Ball 1-2: Foul Ball, location: 2F 1-2: Ball 2-2: Strikes out swinging
|
Batting: SHB José Vélez
|
0-0: Called Strike 0-1: Foul Ball, location: 2F 0-2: Ball 1-2: Ball 2-2: SINGLE (Groundball, 34D)
|
Batting: SHB Chris Young
|
0-0: Called Strike 0-1: SINGLE (Line Drive, 8RM) José Vélez to second Runner from 2nd tries for 3rd, SAFE, no throw
|
Batting: LHB Derrek Robinson
|
0-0: Ball 1-0: Ball 2-0: Ball 3-0: Called Strike 3-1: Fly out, F8 (Line Drive, 8LM)
|
Top of the 3rd over - 0 run(s), 2 hit(s), 0 error(s), 2 left on base; Pueblo 0 - Atlantic City 1 |
BOTTOM OF THE 3RD |
Atlantic City War Dogs batting - Pitching for Pueblo Prairie Dogs : LHP Jim Holloway
|
Batting: RHB Pancho Valdés
|
0-0: Called Strike 0-1: Foul Ball, location: 2F 0-2: Ball 1-2: Ball 2-2: Fly out, F9 (Flyball, 9)
|
Batting: RHB Robert Koremans
|
0-0: Called Strike 0-1: Fly out, F4 (Popup, 34D)
|
Batting: RHB José Guevara
|
0-0: Ball 1-0: Ground out 5-3 (Groundball, 56S)
|
Bottom of the 3rd over - 0 run(s), 0 hit(s), 0 error(s), 0 left on base; Pueblo 0 - Atlantic City 1 |
TOP OF THE 4TH |
Pueblo Prairie Dogs batting - Pitching for Atlantic City War Dogs : RHP Augusto Molina
|
Batting: RHB Katsuhito Ohayashi
|
0-0: Called Strike 0-1: Foul Ball, location: 2F 0-2: Strikes out looking
|
Batting: RHB Jason Fuller
|
0-0: Called Strike 0-1: Foul Ball, location: 2F 0-2: Ball 1-2: SINGLE (Groundball, 56D)
|
Batting: LHB José Peralta
|
0-0: Called Strike Jason Fuller is caught stealing 2nd base Error on foul ball, E2 0-2: Ball 1-2: Strikes out swinging
|
Top of the 4th over - 0 run(s), 1 hit(s), 1 error(s), 0 left on base; Pueblo 0 - Atlantic City 1 |
BOTTOM OF THE 4TH |
Atlantic City War Dogs batting - Pitching for Pueblo Prairie Dogs : LHP Jim Holloway
|
Batting: RHB Jamie Swyers
|
0-0: Ball 1-0: Foul Ball, location: 2F 1-1: SINGLE (Line Drive, 9S)
|
Batting: LHB Patrick Ferguson
|
0-0: Called Strike 0-1: Ball 1-1: Foul Ball, location: 2F 1-2: SINGLE (Groundball, 4MD) Jamie Swyers to second
|
Batting: RHB John Stevens
|
0-0: Ball 1-0: SINGLE (Groundball, 5D) Jamie Swyers to third Patrick Ferguson to second Runner from 3rd tries for Home, SAFE, no throw
|
Batting: RHB Jerome Cuevas
|
0-0: Grounds into double play, 6-4-3 (Groundball, 6M) Patrick Ferguson to third
|
Batting: LHB Robert Mann
|
0-0: Foul Ball, location: 2F 0-1: Ball 1-1: Ball 2-1: SINGLE (Groundball, 6D) Patrick Ferguson scores
|
Pitching: RHP Alonso Rivera
|
|
Batting: RHB Pat Simms
|
0-0: Ball 1-0: Ball 2-0: SINGLE (Groundball, 4MD) Robert Mann to second Runner from 2nd tries for 3rd, SAFE, throw made to third
|
Batting: RHB Pancho Valdés
|
0-0: Called Strike 0-1: Ball 1-1: Called Strike 1-2: Fly out, F8 (Flyball, 78M)
|
Bottom of the 4th over - 2 run(s), 5 hit(s), 0 error(s), 2 left on base; Pueblo 0 - Atlantic City 3 |
TOP OF THE 5TH |
Pueblo Prairie Dogs batting - Pitching for Atlantic City War Dogs : RHP Augusto Molina
|
Batting: RHB Jared Williamson
|
0-0: Swinging Strike 0-1: Foul Ball, location: 2F 0-2: Ball 1-2: Ball 2-2: Strikes out swinging
|
Batting: LHB Robby Lawson
|
0-0: Called Strike 0-1: Swinging Strike 0-2: Ball 1-2: Foul Ball, location: 2F 1-2: Ball 2-2: Ball 3-2: Base on Balls
|
Batting: RHB Shigekazu Kaneko
|
0-0: Called Strike 0-1: Foul Ball, location: 2F 0-2: SINGLE (Groundball, 56D) Robby Lawson to second
|
Batting: SHB José Vélez
|
0-0: DOUBLE (Flyball, 8RXD) Robby Lawson scores Shigekazu Kaneko to third
|
Batting: SHB Chris Young
|
0-0: SINGLE (Line Drive, 7LS) Shigekazu Kaneko scores José Vélez to third Runner from 3rd tries for Home, SAFE, throw made home
|
Batting: LHB Derrek Robinson
|
0-0: Ball 1-0: Called Strike 1-1: Fielders Choice at 2nd, 6-4 (Groundball, 6)
|
Batting: RHB Katsuhito Ohayashi
|
0-0: Foul Ball, location: 2F 0-1: Ball 1-1: Ground out 1-3 (Groundball, 13S)
|
Top of the 5th over - 3 run(s), 3 hit(s), 0 error(s), 1 left on base; Pueblo 3 - Atlantic City 3 |
BOTTOM OF THE 5TH |
Atlantic City War Dogs batting - Pitching for Pueblo Prairie Dogs : RHP Alonso Rivera
|
Batting: RHB Robert Koremans
|
0-0: Called Strike 0-1: Fly out, F4 (Line Drive, 4M)
|
Batting: RHB José Guevara
|
0-0: Called Strike 0-1: Ball 1-1: Fly out, F8 (Line Drive, 8RM)
|
Batting: RHB Jamie Swyers
|
0-0: SINGLE (Flyball, 7LS)
|
Batting: LHB Patrick Ferguson
|
0-0: SINGLE (Groundball, 4MD) Jamie Swyers to second Runner from 2nd tries for 3rd, SAFE, no throw
|
Batting: RHB John Stevens
|
0-0: Fly out, F8 (Flyball, 8RD)
|
Bottom of the 5th over - 0 run(s), 2 hit(s), 0 error(s), 2 left on base; Pueblo 3 - Atlantic City 3 |
TOP OF THE 6TH |
Pueblo Prairie Dogs batting - Pitching for Atlantic City War Dogs : RHP Augusto Molina
|
Batting: RHB Jason Fuller
|
0-0: Called Strike 0-1: Called Strike 0-2: Ball 1-2: Strikes out looking
|
Batting: LHB José Peralta
|
0-0: Ball 1-0: Swinging Strike 1-1: Foul Ball, location: 2F 1-2: Strikes out looking
|
Batting: RHB Jared Williamson
|
0-0: Ball 1-0: Called Strike 1-1: Ball 2-1: Ball 3-1: Called Strike 3-2: Strikes out swinging
|
Top of the 6th over - 0 run(s), 0 hit(s), 0 error(s), 0 left on base; Pueblo 3 - Atlantic City 3 |
BOTTOM OF THE 6TH |
Atlantic City War Dogs batting - Pitching for Pueblo Prairie Dogs : RHP Alonso Rivera
|
Batting: RHB Jerome Cuevas
|
0-0: Ball 1-0: Ball 2-0: Ball 3-0: Called Strike 3-1: Called Strike 3-2: SINGLE (Groundball, 4MD)
|
Batting: LHB Robert Mann
|
0-0: Ball 1-0: Foul Ball, location: 2F 1-1: Called Strike 1-2: Ball 2-2: Strikes out swinging
|
Batting: RHB Pat Simms
|
0-0: Called Strike 0-1: Ball 1-1: Called Strike 1-2: Grounds into double play, 6-4-3 (Groundball, 6)
|
Bottom of the 6th over - 0 run(s), 1 hit(s), 0 error(s), 0 left on base; Pueblo 3 - Atlantic City 3 |
TOP OF THE 7TH |
Pueblo Prairie Dogs batting - Pitching for Atlantic City War Dogs : RHP Augusto Molina
|
Pitching: LHP Anthony Blackwell
|
|
Batting: LHB Robby Lawson
|
0-0: Called Strike 0-1: Ball 1-1: Ball 2-1: Foul Ball, location: 2F 2-2: Strikes out swinging
|
Pitching: RHP Bernardo Herrera
|
|
Batting: RHB Shigekazu Kaneko
|
0-0: Ball 1-0: Called Strike 1-1: SOLO HOME RUN (Flyball, 78XD), Distance : 391 ft
|
Batting: SHB José Vélez
|
0-0: SINGLE (Flyball, 89S)
|
Batting: SHB Chris Young
|
0-0: Foul Ball, location: 2F 0-1: Ball 1-1: Foul Ball, location: 2F 1-2: Ball Passed Ball! José Vélez to second 2-2: Strikes out swinging
|
Batting: LHB Derrek Robinson
|
0-0: Ball 1-0: Ground out 3-1 (Groundball, 34S)
|
Top of the 7th over - 1 run(s), 2 hit(s), 0 error(s), 1 left on base; Pueblo 4 - Atlantic City 3 |
BOTTOM OF THE 7TH |
Atlantic City War Dogs batting - Pitching for Pueblo Prairie Dogs : RHP Alonso Rivera
|
Batting: RHB Pancho Valdés
|
0-0: Ball 1-0: Ball 2-0: Foul Ball, location: 2F 2-1: Ground out 6-3 (Groundball, 6)
|
Batting: RHB Robert Koremans
|
0-0: Swinging Strike 0-1: Reached on error, E6 (Groundball, 6)
|
Pinch Hitting: RHB Armando Vega
|
0-0: Called Strike 0-1: Foul Ball, location: 2F 0-2: Ball 1-2: Fielders Choice at 2nd, 4-6 (Groundball, 4)
|
Batting: RHB Jamie Swyers
|
0-0: SINGLE (Groundball, 56S) (infield hit) Armando Vega to second
|
Batting: LHB Patrick Ferguson
|
0-0: Called Strike 0-1: Ball Wild Pitch! Armando Vega to third Jamie Swyers to second 1-1: 3-RUN HOME RUN (Flyball, 9LD), Distance : 355 ft
|
Batting: RHB John Stevens
|
0-0: Ball 1-0: Ball 2-0: SOLO HOME RUN (Flyball, 78XD), Distance : 400 ft
|
Pitching: LHP Tomás Salgado
|
|
Batting: RHB Jerome Cuevas
|
0-0: Ball 1-0: Ball 2-0: Foul Ball, location: 2F 2-1: Ball 3-1: Called Strike 3-2: Foul Ball, location: 2F 3-2: Base on Balls
|
Batting: LHB Robert Mann
|
0-0: Called Strike 0-1: SINGLE (Flyball, 8LS) Jerome Cuevas to second
|
Batting: RHB Pat Simms
|
0-0: Ball 1-0: TRIPLE (Flyball, 89D) Jerome Cuevas scores Robert Mann scores
|
Batting: RHB Pancho Valdés
|
0-0: SINGLE (Line Drive, 8LS) Pat Simms scores
|
Batting: RHB Robert Koremans
|
0-0: Ball 1-0: Swinging Strike 1-1: Called Strike 1-2: Ball Pancho Valdés steals 2nd base 2-2: Ball 3-2: SINGLE (Groundball, 6MD) Pancho Valdés to third Pancho Valdés scores
|
Pitching: RHP Miguel Guzmán
|
|
Batting: RHB Armando Vega
|
0-0: Fielders Choice at 2nd, 4-6 (Groundball, 4)
|
Bottom of the 7th over - 8 run(s), 7 hit(s), 1 error(s), 0 left on base; Pueblo 4 - Atlantic City 11 |
TOP OF THE 8TH |
Pueblo Prairie Dogs batting - Pitching for Atlantic City War Dogs : RHP Bernardo Herrera
|
Now at 2B: Armando Vega
|
|
Batting: RHB Katsuhito Ohayashi
|
0-0: Ball 1-0: Fly out, F8 (Flyball, 8LM)
|
Batting: RHB Jason Fuller
|
0-0: Called Strike 0-1: Ball 1-1: Fly out, F9 (Flyball, 89S)
|
Batting: LHB José Peralta
|
0-0: Ball 1-0: Called Strike 1-1: Ball 2-1: Ball 3-1: Reached on error, E8 (Flyball, 8LD)
|
Batting: RHB Jared Williamson
|
0-0: Fly out, F8 (Flyball, 78S)
|
Top of the 8th over - 0 run(s), 0 hit(s), 1 error(s), 1 left on base; Pueblo 4 - Atlantic City 11 |
BOTTOM OF THE 8TH |
Atlantic City War Dogs batting - Pitching for Pueblo Prairie Dogs : RHP Miguel Guzmán
|
Batting: RHB Jamie Swyers
|
0-0: Called Strike 0-1: Foul Ball, location: 2F 0-2: Ball 1-2: SINGLE (Groundball, 4MD)
|
Batting: LHB Patrick Ferguson
|
0-0: Swinging Strike 0-1: Foul Ball, location: 2F 0-2: Hit by Pitch Jamie Swyers to second
|
Batting: RHB John Stevens
|
0-0: Ball 1-0: Called Strike 1-1: Fly out, F8 (Flyball, 8LM)
|
Batting: RHB Jerome Cuevas
|
0-0: Ball 1-0: Reached on error, E6 (Groundball, 6) Jamie Swyers to third Patrick Ferguson to second
|
Batting: LHB Robert Mann
|
0-0: Swinging Strike 0-1: Swinging Strike 0-2: Foul Ball, location: 2F 0-2: Foul Ball, location: 2F 0-2: Ball 1-2: Strikes out swinging
|
Batting: RHB Pat Simms
|
0-0: Fly out, F7 (Flyball, 7)
|
Bottom of the 8th over - 0 run(s), 1 hit(s), 1 error(s), 3 left on base; Pueblo 4 - Atlantic City 11 |
TOP OF THE 9TH |
Pueblo Prairie Dogs batting - Pitching for Atlantic City War Dogs : RHP Bernardo Herrera
|
Batting: LHB Robby Lawson
|
0-0: Foul Ball, location: 2F 0-1: Ball 1-1: Ground out 6-3 (Groundball, 6)
|
Batting: RHB Shigekazu Kaneko
|
0-0: Ground out 6-3 (Groundball, 6)
|
Batting: SHB José Vélez
|
0-0: Ground out U3 (Groundball, 3S)
|
Top of the 9th over - 0 run(s), 0 hit(s), 0 error(s), 0 left on base; Pueblo 4 - Atlantic City 11 |
|